 Dungeon Crawl Stone Soup version 0.24.0-2-g5b39cebb1c (webtiles) character file.

Game seed: 649363327464209225, levelgen mode: deterministic

11116 Monsterracer the Cleaver (level 11, 0/100 HPs)
             Began as a Deep Dwarf Fighter on Oct 29, 2019.
             Was an Elder of Makhleb.
             Killed from afar by a catoblepas (2 damage)
             ... with a blast of calcifying dust
             ... while petrified by you
             ... in a Gauntlet.
             The game lasted 00:08:26 (9269 turns).

Monsterracer the Cleaver (Deep Dwarf Fighter)       Turns: 9269, Time: 00:08:27

Health: 0/100      AC: 21    Str: 23    XL:     11   Next: 45%
Magic:  6/6        EV:  2    Int:  9    God:    Makhleb [****..]
Gold:   500        SH:  0    Dex: 12    Spells: 10/10 levels left

rFire    . . .     SeeInvis .   a - +1 war axe
rCold    . . .     Gourm    .   s - +0 shield
rNeg     + + +     Faith    .   L - +2 chain mail {rPois}
rPois    ∞         Spirit   .   x - +1 helmet
rElec    .         Reflect  .   f - +1 cloak "Kushot" {rN++ MR+}
rCorr    +         Harm     .   (no gloves)
MR       ++...     NoTele   +   (no boots)
Stlth    ..........             (no amulet)
HPRegen  0.00/turn              y - ring of resist corrosion
MPRegen  0.10/turn              C - +3 ring of protection

@: petrified, non-regenerating
A: damage resistance, heal wounds, sense surroundings 2, no regeneration
a: Heal Wounds, Minor Destruction, Lesser Servant of Makhleb, Major Destruction,
Renounce Religion


You were in a Gauntlet.
You worshipped Makhleb.
Makhleb was greatly pleased with you.
You were not hungry.

You visited 2 branches of the dungeon, and saw 12 of its levels.
You also visited: Ossuary and Gauntlet.

You collected 500 gold pieces.

Inventory:

Hand Weapons
 a - a +1 war axe (weapon)
 b - a +1 flail of holy wrath
   (You took it off Edmund on level 6 of the Dungeon)
 E - a +0 battleaxe
   (You found it on level 8 of the Dungeon)
 K - a +0 battleaxe of flaming
   (You took it off an orc warrior on level 10 of the Dungeon)
Missiles
 k - a throwing net (quivered) {!f}
Armour
 f - the +1 cloak "Kushot" (worn) {rN++ MR+}
   (You found it in a Gauntlet)

   It greatly protects you from negative energy.
   It affects your resistance to hostile enchantments.
 l - the +0 pair of gloves "Jirap" {rCorr Int+4, unknown}
   (You found it in a Gauntlet)

   It affects your intelligence (+4).
   It provides partial protection from all sources of acid and corrosion.
 s - a +0 shield (worn)
 x - a +1 helmet (worn)
   (You took it off Robin on level 3 of the Dungeon)
 H - a +1 cloak
   (You found it on level 5 of the Dungeon)
 L - a +2 chain mail of poison resistance (worn)
   (You found it on level 9 of the Dungeon)
Jewellery
 i - an uncursed ring of positive energy
   (You found it on level 4 of the Dungeon)
 n - an uncursed ring of flight
   (You found it on level 2 of the Dungeon)
 y - a ring of resist corrosion (left hand)
   (You found it on level 6 of the Dungeon)
 C - a +3 ring of protection (right hand)
   (You found it on level 1 of the Dungeon)
Wands
 G - a wand of acid (16)
   (You found it on level 4 of the Dungeon)
 I - a wand of disintegration (18)
   (You found it on level 5 of the Dungeon)
 J - a wand of digging (5)
   (You found it on level 6 of the Dungeon)
Scrolls
 m - 2 scrolls of magic mapping
 o - 5 scrolls of amnesia
 p - 5 scrolls of enchant weapon
 r - 4 scrolls of remove curse
 t - 6 scrolls of teleportation {!r}
 B - 2 scrolls of fog
 M - a scroll of holy word
 N - 4 scrolls of fear {!r}
Potions
 d - a potion of heal wounds
 e - 6 potions of curing
 g - 2 potions of agility
 h - 3 potions of haste
 j - 2 potions of might
 q - 3 potions of magic
 u - 2 potions of mutation {!q}
 v - 6 potions of flight
 w - a potion of lignification
 z - 5 potions of brilliance
 A - a potion of invisibility
 D - a potion of berserk rage {unknown}
 F - 2 potions of ambrosia {unknown}
Comestibles
 c - 13 rations


   Skills:
 + Level 7.4 Fighting
 * Level 11.8 Axes
 + Level 9.1 Armour
 + Level 9.1 Shields
 + Level 8.7 Invocations


You had 10 spell levels left.
You didn't know any spells.
Your spell library contained the following spells:

 Spells                   Type           Power        Failure   Level  Hunger
 Animate Skeleton         Necr           N/A          99%         1    ##.....
 Apportation              Tloc           #.....       99%         1    ##.....
 Confusing Touch          Hex            #.....       99%         1    ##.....
 Infusion                 Chrm           #...         99%         1    ##.....
 Magic Dart               Conj           #...         99%         1    ##.....
 Shock                    Conj/Air       #...         99%         1    ##.....
 Summon Small Mammal      Summ           #...         99%         1    ##.....
 Blink                    Tloc           N/A          100%        2    ###....
 Call Imp                 Summ           #.......     100%        2    ###....
 Searing Ray              Conj           #.....       100%        2    ###....
 Shroud of Golubria       Chrm/Tloc      #.....       100%        2    ###....
 Slow                     Hex            #.......     100%        2    ###....
 Song of Slaying          Chrm           #.......     100%        2    ###....
 Swiftness                Chrm/Air       #.......     100%        2    ###....
 Confuse                  Hex            #.......     100%        3    ####...
 Conjure Flame            Conj/Fire      #.......     100%        3    ####...
 Dazzling Spray           Conj/Hex       #.....       100%        3    ####...
 Gell's Gravitas          Tloc           #.........   100%        3    ####...
 Mephitic Cloud           Conj/Pois/Air  #.......     100%        3    ####...
 Spectral Weapon          Hex/Chrm       #.......     100%        3    ####...
 Force Lance              Conj/Tloc      #.......     100%        4    #####..
 Fulminant Prism          Conj/Hex       #.........   100%        4    #####..
 Iskenderun's Mystic Bla  Conj           #.......     100%        4    #####..
 Petrify                  Tmut/Erth      #.......     100%        4    #####..
 Metabolic Englaciation   Hex/Ice        #.........   100%        5    ######.
 Venom Bolt               Conj/Pois      #.........   100%        5    ######.
 Yara's Violent Unravell  Hex/Tmut       #.........   100%        5    ######.
 Conjure Ball Lightning   Conj/Air       #.........   100%        6    #######
 Deflect Missiles         Chrm/Air       #.........   100%        6    #######
 Regeneration             Chrm/Necr      Unusable     N/A         3    N/A

Dungeon Overview and Level Annotations

Branches:
Dungeon (11/15)            Temple (1/1) D:4            Lair (0/6) D:11
    Orc (0/2) D:10        Ossuary (visited)         Gauntlet (1/1)

Altars:
Ashenzari
Elyvilon
Hepliaklqana
Kikubaaqudgha
Makhleb
Nemelex Xobeh
Okawaru
Qazlal
Ru
Sif Muna
Trog
Uskayaw
Vehumet
Wu Jian
Yredelemnul
Zin
The Shining One

Shops:
D:10 [(

Annotations:
D:7 exclusion: statue Gauntlet 10 transporters


Innate Abilities, Weirdness & Mutations

You are resistant to damage.
You can heal yourself by infusing magical energy.
You passively map the area around you.
You do not regenerate.


Message History

Your +2 chain mail of poison resistance melds into your body.
You no longer feel resistant to poison.
Your roots penetrate the ground.
You are engulfed in calcifying dust.
You are slowing down.
The catoblepas gores you but does no damage.
Unknown command.
You completely miss the catoblepas.
You are engulfed in calcifying dust.
The catoblepas gores you but does no damage.
The catoblepas gores you!
* * * LOW HITPOINT WARNING * * *
Your limbs are stiffening.
Unknown command.
Unknown command.
Unknown command.
You slash the catoblepas!
The catoblepas is lightly wounded.
You are engulfed in calcifying dust.
Your limbs have turned to stone.
The catoblepas gores you!
* * * LOW HITPOINT WARNING * * *
You have turned to stone.
You are engulfed in calcifying dust.
The catoblepas gores you!
* * * LOW HITPOINT WARNING * * *
You are engulfed in calcifying dust.
The catoblepas gores you!
* * * LOW HITPOINT WARNING * * *
The catoblepas gores you but does no damage.
The catoblepas breathes a plume of calcifying dust at you.
The blast of calcifying dust hits you but does no damage.
You are engulfed in calcifying dust.
The catoblepas gores you but does no damage.
You are engulfed in calcifying dust.
The catoblepas gores you but does no damage.
You are engulfed in calcifying dust.
The catoblepas gores you but does no damage.
The catoblepas gores you but does no damage.
Your transformation is almost over.
The catoblepas gores you.
* * * LOW HITPOINT WARNING * * *
You turn to wood and can move again.
Unknown command.
Unknown command.
You slash the catoblepas!
The catoblepas is lightly wounded.
The catoblepas gores you but does no damage.
Unknown command.
You hit the catoblepas.
The catoblepas is lightly wounded.
The catoblepas gores you but does no damage.
Your magical essence is drained by the effort!
You feel much better.
The catoblepas gores you but does no damage.
Okay, then.
You barely miss the catoblepas.
The catoblepas is lightly wounded.
The catoblepas breathes a plume of calcifying dust at you.
The blast of calcifying dust hits you but does no damage.
You hit the catoblepas but do no damage.
The catoblepas is lightly wounded.
You are engulfed in calcifying dust.
The catoblepas breathes a plume of calcifying dust at you.
The blast of calcifying dust hits you but does no damage.
You slash the catoblepas!
The catoblepas is moderately wounded.
You are engulfed in calcifying dust.
You block the catoblepas's attack.
You hit the catoblepas but do no damage.
The catoblepas is moderately wounded.
You are engulfed in calcifying dust.
You are slowing down.
The catoblepas gores you!!
* * * LOW HITPOINT WARNING * * *
Unknown command.
Unknown command.
Unknown command.
You slash the catoblepas!
The catoblepas is heavily wounded.
You are engulfed in calcifying dust.
Your limbs have turned to stone.
You feel less wooden.
The +1 cloak "Kushot" {rN++ MR+} unmelds from your body.
Your +1 helmet unmelds from your body.
Your +2 chain mail of poison resistance unmelds from your body.
You feel resistant to poison. The catoblepas gores you.
The catoblepas gores you but does no damage.
You have turned to stone.
You are engulfed in calcifying dust.
The catoblepas breathes a plume of calcifying dust at you.
The blast of calcifying dust hits you but does no damage.
You are engulfed in calcifying dust.
The catoblepas breathes a plume of calcifying dust at you.
The blast of calcifying dust hits you. The catoblepas gores you.
* * * LOW HITPOINT WARNING * * *
The catoblepas breathes a plume of calcifying dust at you.
The blast of calcifying dust hits you but does no damage.
You are engulfed in calcifying dust.
The catoblepas gores you but does no damage.
You are engulfed in calcifying dust.
The catoblepas gores you!!
* * * LOW HITPOINT WARNING * * *
You are engulfed in calcifying dust.
The catoblepas breathes a plume of calcifying dust at you.
The blast of calcifying dust hits you!
You die...

.#...##.[JJJJJ##..#...# *
* ##...###########..#.8.#
, ...≈.............≈#...##
*
..≈8≈............∩#.8....
,
.§§§.............≈#...##.*
##...###########..#.8.# ,
.#.§.#..§§§§9.9#..#...# *
.#...#####.##9#####.8.# ,
, ,
.#...##.#####9##@Y....# *
* 5###.#...#....9####.8.#
©#©#.#.##.##.###..#...#
3#.#.#©##.##..##..#≈8≈#
.#.#.#.9...#...#..# ##
.#.#.###.##.##.#..#
.#.#.###.##.##.#..#
##.#############..###
.#........©#......#8#


You could see a catoblepas and 2 molten gargoyles.

Vanquished Creatures
  2 two-headed ogres (D:8 D:11)
  A worldbinder (Gauntlet)
  An ice statue (Gauntlet)
  A gargoyle (D:11)
  2 rime drakes (Gauntlet)
  A queen bee (D:8)
  3 hippogriffs (D:5 D:7 D:9)
  Grinder (D:3)
  Sigmund (D:3)
  7 yaks (D:9 D:10)
  A hungry ghost (D:9)
  A warg (D:11)
  Edmund (D:6)
  2 sky beasts (D:5 D:8)
  6 orc warriors (D:6 D:10)
  2 black bears (D:7)
  4 ice beasts (D:5 D:7 D:8)
  3 necrophages (D:7 D:8)
  3 phantoms (D:6 D:7 D:8)
  An ogre (D:6)
  A boggart (Gauntlet)
  6 centaurs (D:5 D:6 D:7 D:9 D:10)
  4 bullfrogs (D:6 D:8 D:10)
  A wyvern skeleton (D:10)
  9 scorpions (Ossuary D:6 D:7 D:9)
  24 killer bees (D:8 D:11)
  2 vampire bats (D:6)
  4 centaur zombies (Ossuary)
  4 crimson imps (D:6 D:10)
  A quasit (D:7)
  A bullfrog zombie (D:3)
  4 orc priests (D:7 D:8)
  A human zombie (Ossuary)
  A bullfrog skeleton (D:5)
  2 hounds (D:5 D:7)
  3 jellies (D:5 D:8 D:9)
  6 orc wizards (D:3 D:5 D:6 D:8)
  2 iguanas (D:9)
  8 worker ants (D:4 D:5 D:6 D:7 D:8)
  3 big kobold zombies (Ossuary)
  3 mummies (Ossuary)
  A worker ant zombie (D:11)
  Robin (D:3)
  11 adders (D:2 D:3 D:5 D:6 D:7)
  8 gnolls (D:3 D:8)
  4 scorpion zombies (Ossuary)
  5 shadow imps (D:8 D:9 D:10)
  An ooze (D:5)
  3 adder skeletons (D:5 D:9)
  3 worms (D:2 D:5 D:6)
  8 leopard geckos (D:1 D:2 D:3 D:5 D:10)
  46 orcs (D:3 D:5 D:6 D:8 D:10)
  3 bat skeletons (D:6)
  2 bat zombies (D:6)
  3 giant cockroaches (D:3 D:5)
  3 gnoll zombies (Ossuary)
  16 goblins (D:1 D:2 D:3)
  9 hobgoblins (D:1 D:2 D:3)
  4 jackals (D:5 D:9)
  2 quokkas (D:5 D:6)
  A ball python (D:3)
  3 bats (D:2 D:3)
  6 frilled lizards (D:1 D:2)
  2 goblin zombies (Ossuary)
  4 hobgoblin zombies (Ossuary)
  6 kobolds (D:1 D:2 D:3)
  2 kobold zombies (Ossuary)
  3 quokka skeletons (D:6 D:7 D:8)
  5 rats (D:1 D:2 D:3)
299 creatures vanquished.

Vanquished Creatures (others)
  An orc wizard (D:7)
  A worker ant (D:7)
  3 orcs (D:7)
  A hobgoblin zombie (Ossuary)
  2 fungi (Gauntlet)
  6 plants (Gauntlet)
14 creatures vanquished.

Grand Total: 313 creatures vanquished

Notes
Turn   | Place    | Note
-------+----------+-------------------------------------------
     0 | D:1      | Monsterracer the Deep Dwarf Fighter began the quest for the
                  | Orb.
     0 | D:1      | Reached XP level 1. HP: 20/20 MP: 1/1
   215 | D:1      | Reached XP level 2. HP: 24/27 MP: 2/2
   230 | D:1      | Found a glowing golden altar of the Shining One.
   891 | D:2      | Reached skill level 3 in Axes
   912 | D:2      | Reached XP level 3. HP: 33/33 MP: 2/2
  1458 | D:3      | Noticed Sigmund
  1482 | D:3      | HP: 17/34 [something (6)]
  1489 | D:3      | HP: 12/34 [Sigmund/cursed -3 scythe (5)]
  1495 | D:3      | HP: 9/34 [Sigmund/magic dart (4)]
  1505 | D:3      | Killed Sigmund
  1505 | D:3      | Reached skill level 4 in Axes
  1505 | D:3      | Reached XP level 4. HP: 41/42 MP: 2/2
  1505 | D:3      | Reached XP level 5. HP: 48/49 MP: 3/3
  1740 | D:3      | Reached XP level 6. HP: 54/56 MP: 4/4
  1775 | D:3      | Noticed Robin
  1788 | D:3      | Killed Robin
  1811 | D:3      | Found a faded altar of an unknown god.
  1825 | D:3      | Noticed Grinder
  1844 | D:3      | Killed Grinder
  1844 | D:3      | Reached skill level 5 in Axes
  1844 | D:3      | Reached XP level 7. HP: 46/64 MP: 5/5
  2243 | D:4      | Found a staircase to the Ecumenical Temple.
  2318 | Temple   | Entered the Ecumenical Temple
  2445 | Temple   | Became a worshipper of Makhleb the Destroyer
  2490 | D:4      | Found an ornate altar of the Wu Jian Council.
  2490 | D:4      | Found a glowing silver altar of Zin.
  2802 | D:5      | Entered Level 5 of the Dungeon
  2809 | D:5      | Reached skill level 5 in Armour
  2814 | D:5      | Reached skill level 5 in Shields
  2909 | D:5      | Reached skill level 6 in Axes
  2909 | D:5      | Reached skill level 1 in Invocations
  3008 | D:5      | HP: 33/66 [worker ant (5)]
  3039 | D:5      | Noticed a hippogriff
  3048 | D:5      | HP: 31/66 [hippogriff (4)]
  3053 | D:5      | HP: 29/66 [hippogriff (2)]
  3057 | D:5      | Killed a hippogriff
  3057 | D:5      | Reached XP level 8. HP: 32/73 MP: 6/6
  3216 | D:5      | Reached skill level 7 in Axes
  3302 | D:5      | Found a sand-covered staircase.
  3348 | Ossuary  | Entered an ossuary
  3361 | Ossuary  | Reached * piety under Makhleb
  3579 | Ossuary  | Reached skill level 5 in Fighting
  3585 | Ossuary  | Reached ** piety under Makhleb
  3596 | Ossuary  | HP: 29/74 [mummy (14)]
  4280 | D:6      | HP: 34/74 [orc warrior/+0 glaive (8)]
  4282 | D:6      | Reached skill level 8 in Axes
  4351 | D:6      | Gained mutation: You passively map the area around you.
                  | [Deep Dwarf growth]
  4351 | D:6      | Reached XP level 9. HP: 81/81 MP: 7/7
  4408 | D:6      | Noticed Edmund
  4430 | D:6      | Killed Edmund
  4463 | D:6      | Reached skill level 5 in Invocations
  4765 | D:6      | Found a stormy altar of Qazlal.
  4780 | D:6      | Got a fabulously ornate robe
  4856 | D:6      | HP: 31/81 [ogre/+0 giant club (17)]
  4907 | D:6      | Found an ancient bone altar of Kikubaaqudgha.
  5069 | D:6      | Reached *** piety under Makhleb
  5117 | D:7      | Reached skill level 9 in Axes
  5157 | D:7      | Found a transporter.
  5158 | D:7      | Noticed a death knight
  5159 | D:7      | Found a transporter.
  5183 | D:7      | Found a sparkling altar of Nemelex Xobeh.
  5258 | D:7      | Found a sacrificial altar of Ru.
  5258 | D:7      | Found a basalt altar of Yredelemnul.
  5509 | D:7      | Found a radiant altar of Vehumet.
  5643 | D:8      | Identified the Guide on the Toxic Birds
  5702 | D:8      | Noticed a two-headed ogre
  5711 | D:8      | HP: 38/82 [two-headed ogre/+0 giant club (9)]
  5712 | D:8      | Killed a two-headed ogre
  5712 | D:8      | Reached XP level 10. HP: 34/91 MP: 8/8
  5732 | D:8      | Found a shattered altar of Ashenzari.
  5741 | D:8      | Reached skill level 10 in Axes
  5809 | D:8      | Found a shattered altar of Ashenzari.
  5858 | D:8      | Found an ancient bone altar of Kikubaaqudgha.
  5879 | D:8      | HP: 46/92 [killer bee (5)]
  5882 | D:8      | Reached **** piety under Makhleb
  5885 | D:8      | HP: 34/92 [killer bee (6)]
  5890 | D:8      | HP: 15/92 [poisoned by a killer bee]
  7191 | D:9      | Reached skill level 11 in Axes
  7801 | D:10     | Entered Level 10 of the Dungeon
  7840 | D:10     | Reached XP level 11. HP: 93/99 MP: 7/9
  7857 | D:10     | Reached ***** piety under Makhleb
  7877 | D:10     | Found Jalug's Weapon Shoppe.
  7877 | D:10     | Found a staircase to the Orcish Mines.
  7880 | D:10     | Found Ravvag's Armour Shoppe.
  8638 | D:11     | Noticed a two-headed ogre
  8656 | D:11     | Killed a two-headed ogre
  8680 | D:11     | Found a gate leading to a gauntlet.
  8707 | D:11     | HP: 48/100 [gargoyle/stone arrow (14)]
  8734 | Gauntlet | Entered a Gauntlet
  8734 | Gauntlet | Found a transporter.
  8734 | Gauntlet | Found a transporter.
  8739 | Gauntlet | Found a transporter.
  8739 | Gauntlet | Found a transporter.
  8746 | Gauntlet | Noticed a wizard
  8751 | Gauntlet | Found a transporter.
  8760 | Gauntlet | Found a transporter.
  8770 | Gauntlet | Found a transporter.
  8770 | Gauntlet | Noticed a catoblepas
  8771 | Gauntlet | Found a transporter.
  8773 | Gauntlet | Found a transporter.
  8773 | Gauntlet | Noticed a death ooze
  8800 | Gauntlet | Found a transporter.
  8807 | Gauntlet | Found a transporter.
  8827 | Gauntlet | Found a transporter.
  8860 | Gauntlet | Found a transporter.
  8876 | Gauntlet | Found a transporter.
  8978 | Gauntlet | Found a transporter.
  8992 | Gauntlet | Found a transporter.
  9105 | Gauntlet | HP: 42/100 [ice statue/bolt of cold (27)]
  9115 | Gauntlet | HP: 38/100 [ice statue/bolt of cold (4)]
  9148 | Gauntlet | Noticed a deep elf knight
  9148 | Gauntlet | Noticed a deep elf mage
  9148 | Gauntlet | Noticed a deep elf mage
  9169 | Gauntlet | Got a spiked cloak
  9180 | Gauntlet | Identified the +1 cloak "Kushot" {rN++ MR+} (You found it
                  | in a Gauntlet)
  9223 | Gauntlet | HP: 38/100 [molten gargoyle/bolt of magma (22)]
  9227 | Gauntlet | HP: 15/100 [catoblepas (14)]
  9229 | Gauntlet | Got a pair of shimmering gloves
  9233 | Gauntlet | HP: 33/100 [catoblepas (2)]
  9238 | Gauntlet | HP: 12/100 [catoblepas (12)]
  9240 | Gauntlet | HP: 3/100 [catoblepas (9)]
  9245 | Gauntlet | HP: 23/150 [catoblepas (4)]
  9254 | Gauntlet | HP: 14/150 [catoblepas (1)]
  9261 | Gauntlet | HP: 24/150 [catoblepas (13)]
  9268 | Gauntlet | HP: 2/100 [catoblepas (12)]
  9269 | Gauntlet | Killed from afar by a catoblepas

Levels and vault maps discovered:
D:1:      ncdulo_wetmaze, layout_loops_ring, tso_metal_star
D:2:      layout_loops_corners, kennysheep_minor_cross
D:3:      layout_loops_ring, chequers_ecumenical_altar_simple,
          amethyst_killhole, uniq_robin, uniq_sigmund, uniq_grinder
D:4:      layout_basic, gammafunk_temple_overflow_elements, temple_statues
D:5:      layout_loops_corners, first_ration, chequers_ossuary_entry_cave,
          minmay_manual_maat
D:6:      layout_basic, kennysheep_vampire_church,
          nicolae_qazlal_general_emergency, uniq_edmund
D:7:      layout_rooms, vehumet_statue, gammafunk_temple_overflow_arena,
          nemelex_xobeh_ov_fountains_minmay, lemuel_flamethrower_2
D:8:      layout_layer_cave, lemuel_crystal_altar, basic_altar, david_nohive_1,
          ashenzari_altar_1
D:9:      layout_gridville, ebering_dispersal_statue_hall
D:10:     layout_cave_pods, orc_david_3, nrook_loot_triangle
D:11:     layout_loops_ring, erik_lair_orcish_takeover, gauntlet_entry_generic,
          minivault_28
Temple:   dpeg_chambers_temple
Gauntlet: gammafunk_gauntlet_branching [nicolae_gauntlet_swirl,
          gammafunk_gauntlet_arena_arrow_garden, gammafunk_gauntlet_arena_teeth,
          nicolae_gauntlet_arena_blocks, gammafunk_gauntlet_arena_corners,
          nicolae_gauntlet_arena_t_cross, gammafunk_gauntlet_arena_crates,
          nicolae_gauntlet_arena_x, gauntlet_exit_spiral]

Skill      XL: |  1  2  3  4  5  6  7  8  9 10 11 |
---------------+----------------------------------+-----
Axes           | 3 4 5 6 8 9 11 | 11.8
Fighting       | 3 4 5 6 7 |  7.4
Armour         | 4 5 6 7 8 9 |  9.1
Shields        | 4 5 6 7 8 9 |  9.1
Invocations    | 2 4 6 8 |  8.7

Action                   |  1- 3 |  4- 6 |  7- 9 | 10-12 || total
-------------------------+-------+-------+-------+-------++-------
Melee: War axe           |   143 |    85 |   513 |   423 ||  1164
Invok: Lesser Servant of |       |       |       |     1 ||     1
 Abil: Heal Wounds       |     2 |       |     8 |    12 ||    22
Evoke: Wand              |       |       |       |     2 ||     2
  Use: Potion            |     2 |       |       |     5 ||     7
       Scroll            |       |       |    19 |     4 ||    23
  Eat: Chunk             |     2 |     2 |     5 |     7 ||    16
       Ration            |       |       |     2 |     3 ||     5
Armor: Scale mail        |    72 |    45 |   268 |   214 ||   599
       Chain mail        |       |       |       |   121 ||   121
       Skin              |       |       |       |    13 ||    13
Dodge: Dodged            |    43 |    31 |   200 |   217 ||   491
Block: Shield            |    72 |    54 |   279 |   365 ||   770
